[Event "Titled Tuesday Blitz October 31 Late 2023"]
[White "Makaraci, Tunahan"]
[Black "Olsen, Filip Boe"]
[WhiteFideId "6356559"]
[BlackFideId "1440640"]
[WhiteElo "2430"]
[BlackElo "2671"]
[Result "1-0"]
[Round "4"]
[TimeControl "180+1"]
[Date "2023.10.31"]
[WhiteClock "0:00:02"]
[BlackClock "0:00:02"]
[Board "65"]

1. e4 c5 2. c3 d5 3. exd5 Nf6 4. Nf3 Nxd5 5. d4 cxd4 6. cxd4 g6 7. Nc3 Bg7 8. Bc4 Be6 9. Qb3 Nc7 10. Bxe6 Nxe6 11. Qxb7 Nd7 12. O-O O-O 13. Be3 Nb6 14. Rfd1 Nc4 15. b3 Nd6 16. Qa6 Nf5 17. d5 Nc7 18. Qd3 Nxe3 19. Qxe3 Rc8 20. Rac1 Bxc3 21. Rxc3 Qd7 22. Ne5 Qf5 23. Nc6 Rce8 24. Nxe7+ Rxe7 25. Qxe7 Nxd5 26. Qc5 Nxc3 27. Qxc3 Rc8 28. Qe3 Qa5 29. a4 Qb6 30. Qxb6 axb6 31. Kf1 Rc2 32. Rd6 b5 33. axb5 Rc5 34. b6 Rb5 35. Ke2 Rxb3 36. Rc6 Kg7 37. g3 h5 38. h4 Rb2+ 39. Ke3 Rb1 40. Kd4 Rb2 41. f4 Rb1 42. Kc5 Rb3 43. Rc7 Rxg3 44. b7 Rb3 45. Kc6 Kf6 46. Rc8 Kf5 47. Rf8 f6 48. Kc7 Rc3+ 49. Kd7 Rb3 50. b8=Q Rxb8 51. Rxb8 Kxf4 52. Ke6 g5 53. Rb4+ Kg3 54. hxg5 fxg5 55. Kf5 h4 56. Rg4+ Kh2 57. Kxg5 h3 58. Kh4 Kh1 59. Rg3 h2 60. Ra3 Kg2 61. Ra2+ Kg1 62. Kg3 h1=Q 63. Ra1# 1-0


[Site "https://www.chess.com"]

[Event "Titled Tuesday Blitz October 31 Late 2023"]
[White "Ahn, Hongjin"]
[Black "Goltsev, Dmitry"]
[WhiteFideId "13201492"]
[BlackFideId "24176710"]
[WhiteElo "2425"]
[BlackElo "2666"]
[Result "1-0"]
[Round "4"]
[TimeControl "180+1"]
[Date "2023.10.31"]
[WhiteClock "0:00:29"]
[BlackClock "0:00:02"]
[Board "66"]

1. c4 b6 2. Nc3 Bb7 3. d3 g6 4. Nf3 Bg7 5. Qd2 e6 6. g3 Bxf3 7. exf3 Nc6 8. Bg2 Nd4 9. O-O Ne7 10. f4 O-O 11. Ne2 Nec6 12. Rb1 a5 13. b3 Rb8 14. Bb2 Nxe2+ 15. Qxe2 Nd4 16. Qd2 c5 17. Rfe1 Nf5 18. Bc1 Bd4 19. Be4 Qf6 20. Qe2 Bc3 21. Rd1 Nd4 22. Qf1 Rfd8 23. Be3 Nf5 24. Bxf5 gxf5 25. Qh3 d5 26. a4 Kh8 27. Qh5 Rg8 28. Kf1 Rg6 29. Qf3 Rd8 30. Rbc1 Bd4 31. Rc2 Rd7 32. Bc1 Rg8 33. Qe2 Qg6 34. Bb2 Qg7 35. Bxd4 Qxd4 36. Qe5+ Qxe5 37. fxe5 Rg4 38. f4 h5 39. Rcd2 d4 40. Kg2 Rd8 41. Kf3 Rdg8 42. Rg1 Kg7 43. h3 Rg6 44. Rdg2 Kf8 45. Rf1 Ke7 46. Rh1 f6 47. Re1 h4 48. g4 R8g7 49. exf6+ Kxf6 50. g5+ Ke7 51. Re5 Kd6 52. Rge2 Rg8 53. Re1 Rf8 54. R5e2 Rf7 55. Rd2 Re7 56. Red1 e5 57. fxe5+ Rxe5 58. Rg1 Re3+ 59. Kf4 Rxh3 60. Kxf5 Rg8 61. g6 Re3 62. Rh2 h3 63. Kg5 Rxd3 64. Kh6 Re3 65. Kh7 Ree8 66. g7 Ke5 67. Rxh3 Kf4 68. Rh4+ Kf3 69. Rg6 Rd8 70. Rh3+ Kf4 71. Rh4+ Kf5 72. Rh1 Ke4 73. Re1+ Kd3 74. Rg3+ Kc2 75. Re2+ Kd1 76. Ra2 Rge8 77. Rg1+ Re1 78. Ra1+ Kc2 79. Raxe1 d3 80. Rc1+ Kxb3 81. g8=Q Rxg8 82. Rxg8 Kxa4 83. Rg3 d2 84. Rd1 Kb4 85. Rxd2 Kxc4 86. Rc2+ Kd4 87. Rb2 c4 88. Rxb6 c3 89. Rg4+ Kd3 90. Rc6 Kd2 91. Rg2+ Kd3 92. Rg3+ Kc2 93. Rgxc3+ Kb2 94. R3c5 a4 95. Rb6+ Ka2 96. Rc2+ Ka3 97. Rc8 Ka2 98. Ra8 a3 99. Rb7 Ka1 100. Rxa3# 1-0


[Site "https://www.chess.com"]

[Event "Titled Tuesday Blitz October 31 Late 2023"]
[White "Hoffmann, Asa"]
[Black "Piesik, Piotr"]
[WhiteFideId "2001470"]
[BlackFideId "1136194"]
[WhiteElo "2418"]
[BlackElo "2656"]
[Result "0-1"]
[Round "4"]
[TimeControl "180+1"]
[Date "2023.10.31"]
[WhiteClock "0:00:12"]
[BlackClock "0:00:37"]
[Board "67"]

1. d4 c5 2. dxc5 e6 3. Nc3 Bxc5 4. Ne4 Nf6 5. Nxc5 Qa5+ 6. c3 Qxc5 7. Be3 Qc7 8. g3 d5 9. Bg2 O-O 10. Nf3 Nc6 11. O-O h6 12. Rc1 e5 13. Bc5 Rd8 14. Ba3 Be6 15. e3 Na5 16. b3 Rac8 17. Bb2 Qb8 18. Qe2 Nc6 19. Rfd1 Ne4 20. Nd2 Nc5 21. Ba3 b6 22. c4 d4 23. exd4 Nxd4 24. Qe3 Nf5 25. Qe2 Nd4 26. Qe3 Bg4 27. f3 Bf5 28. Bxc5 Rxc5 29. Ne4 Bxe4 30. Qxe4 f5 31. Qe3 Ne6 32. Re1 Qd6 33. Bh3 Nd4 34. Rcd1 Qf6 35. Bg2 Nc2 36. Rxd8+ Qxd8 37. Qe2 Qd4+ 38. Kh1 Nxe1 39. Qxe1 b5 40. cxb5 Qb2 41. Bf1 Rc1 42. Bc4+ Kh8 0-1


[Site "https://www.chess.com"]

[Event "Titled Tuesday Blitz October 31 Late 2023"]
[White "Al-Tarboush, Ward"]
[Black "Abduzhaparov"]
[WhiteFideId "7601450"]
[WhiteElo "2656"]
[BlackElo "2434"]
[Result "1/2-1/2"]
[Round "4"]
[TimeControl "180+1"]
[Date "2023.10.31"]
[WhiteClock "0:00:06"]
[BlackClock "0:00:03"]
[Board "68"]

1. e4 d6 2. d4 Nf6 3. Nc3 e5 4. dxe5 dxe5 5. Bg5 Be6 6. Qxd8+ Kxd8 7. f4 exf4 8. e5 h6 9. Bh4 g5 10. exf6 gxh4 11. Nge2 Bd6 12. Ne4 Be5 13. O-O-O+ Nd7 14. Nc5 Kc8 15. Nd3 Bxf6 16. Nexf4 Bxa2 17. b3 a5 18. Be2 Kb8 19. Bg4 Ne5 20. Nxe5 Bxe5 21. Nd3 Bc3 22. Nc5 b6 23. Na4 Bg7 24. Bf3 Ra6 25. Rd7 b5 26. Nc5 Rd6 27. Rxf7 Bd4 28. Nd7+ Kc8 29. Bg4 a4 30. Nc5+ Kb8 31. Na6+ Rxa6 32. Rd1 Rd6 33. Rd3 axb3 34. cxb3 b4 35. Bf3 Bc3 36. Rxd6 cxd6 37. Rb7+ Kc8 38. Kc2 Rf8 39. Ra7 Bxb3+ 40. Kxb3 Rf6 41. Rh7 h3 42. Kc4 hxg2 43. Bxg2 Rf4+ 44. Kb3 Rh4 45. h3 Kd8 46. Rb7 d5 47. Bxd5 Rxh3 48. Kc4 Rh5 49. Kc5 Rg5 50. Kd6 Be5+ 51. Ke6 Bc3 52. Kd6 Rg6+ 53. Be6 Rxe6+ 54. Kxe6 h5 55. Kd6 Ke8 56. Rh7 b3 57. Rxh5 b2 58. Rb5 Kf7 59. Kd5 Kf6 60. Kc4 Be5 61. Kd3 Ke6 62. Ke4 Bc3 63. Rb3 Bg7 64. Kd3 Kd5 65. Rb5+ Kc6 66. Rb4 Kc5 67. Rb3 Bf6 68. Kc2 Bg7 69. Rg3 Bf6 70. Rg2 Be5 71. Re2 Bf6 72. Re8 Bg7 73. Re6 Bd4 74. Re8 Bg7 75. Rc8+ Kd6 76. Rb8 Kc7 77. Ra8 Kb7 78. Re8 Bd4 79. Re4 Bf6 80. Re6 Bd4 81. Re4 Bf6 82. Rf4 Be5 83. Rf5 Bd4 84. Rd5 Bf6 85. Rd6 Be5 86. Rh6 Bd4 87. Rh4 Be5 88. Rb4+ Kc6 89. Kd3 Kd5 90. Rb5+ Kd6 91. Ke4 Bc3 92. Rb6+ Kc7 93. Rb3 Bf6 94. Kf5 Bd4 95. Ke6 Kc6 96. Rb8 Kc5 97. Rc8+ Kb4 98. Rb8+ Kc3 99. Rxb2 Kxb2 1/2-1/2


[Site "https://www.chess.com"]

[Event "Titled Tuesday Blitz October 31 Late 2023"]
[White "Korpics, Zsolt"]
[Black "reevecanada"]
[WhiteFideId "705241"]
[WhiteElo "2392"]
[BlackElo "2647"]
[Result "1-0"]
[Round "4"]
[TimeControl "180+1"]
[Date "2023.10.31"]
[WhiteClock "0:00:08"]
[BlackClock "0:00:07"]
[Board "69"]

1. e4 c5 2. Nf3 d6 3. Nc3 Nf6 4. e5 dxe5 5. Nxe5 Nbd7 6. d4 cxd4 7. Qxd4 Nxe5 8. Qxe5 e6 9. Bg5 a6 10. Rd1 Qb6 11. Bxf6 gxf6 12. Qxf6 Rg8 13. Qd4 Bc5 14. Qd2 Ke7 15. Ne4 Qc6 16. Qf4 Bb6 17. Rd6 Qc7 18. Qf6+ Ke8 19. Qe5 Rg6 20. Bb5+ axb5 21. Qxb5+ Kf8 22. Qxb6 Qxb6 23. Rxb6 Rxa2 24. O-O Ke7 25. Nd6 Bd7 26. Nxb7 h5 27. Nc5 Be8 28. Rb7+ Kf6 29. Ne4+ Ke5 30. f3 f5 31. Ng3 h4 32. Re1+ Kf4 33. Ne2+ Ke3 34. Nc3+ Kd2 35. Re2+ Kc1 36. Nxa2+ Kd1 37. Nc3+ Kc1 38. Ra7 Kxb2 39. Nd1+ Kc1 40. Ne3 h3 41. c4 Kb1 42. Raa2 f4 43. Rab2+ Ka1 44. Rbd2 Ba4 45. Re1+ Bd1 46. Rexd1# 1-0


[Site "https://www.chess.com"]

[Event "Titled Tuesday Blitz October 31 Late 2023"]
[White "Luczak, Filip"]
[Black "Stanojevic, Ilija"]
[WhiteFideId "1193686"]
[BlackFideId "959995"]
[WhiteElo "2645"]
[BlackElo "2387"]
[Result "1-0"]
[Round "4"]
[TimeControl "180+1"]
[Date "2023.10.31"]
[WhiteClock "0:00:38"]
[BlackClock "0:00:00"]
[Board "70"]

1. d4 d5 2. Nc3 Nf6 3. Bf4 a6 4. e3 c5 5. dxc5 Nc6 6. a3 e5 7. Bg5 d4 8. exd4 exd4 9. Ne4 Be7 10. Bxf6 gxf6 11. Bd3 Be6 12. Ne2 f5 13. N4g3 Qd7 14. b4 Ne5 15. O-O h5 16. Nxd4 f4 17. Ngf5 O-O-O 18. Nxe6 fxe6 19. Nxe7+ Qxe7 20. Qe2 Rd5 21. Be4 f3 22. gxf3 Rg8+ 23. Kh1 Rd7 24. c6 Rc7 25. cxb7+ Rxb7 26. Qxa6 Kb8 27. Qxb7+ Qxb7 28. Bxb7 Kxb7 29. Rg1 Rf8 30. Rae1 Nxf3 31. Rg7+ Kc6 32. Rxe6+ Kd5 33. Re3 Ne5 34. Rg5 1-0


[Site "https://www.chess.com"]

[Event "Titled Tuesday Blitz October 31 Late 2023"]
[White "Federzoni, Enzo"]
[Black "Lamaze, Simon"]
[WhiteFideId "2173301"]
[BlackFideId "36069264"]
[WhiteElo "2364"]
[BlackElo "2644"]
[Result "1-0"]
[Round "4"]
[TimeControl "180+1"]
[Date "2023.10.31"]
[WhiteClock "0:00:14"]
[BlackClock "0:00:00"]
[Board "71"]

1. e4 c5 2. Nf3 Nc6 3. Bb5 e6 4. Bxc6 bxc6 5. b3 Ne7 6. Bb2 Qc7 7. d3 Ng6 8. h4 h5 9. e5 d6 10. Nbd2 dxe5 11. Nc4 f6 12. g3 Be7 13. Qe2 Qd7 14. O-O-O Qd5 15. Kb1 Rb8 16. Nfd2 Qd8 17. Ne4 Kf8 18. Qe3 Qd5 19. f3 Bd7 20. g4 Nf4 21. g5 Be8 22. gxf6 gxf6 23. Rhg1 Bg6 24. Qd2 Rb5 25. Rg3 Kf7 26. Rdg1 Rg8 27. Nc3 Qd8 28. Nxb5 cxb5 29. Ne3 b4 30. Nc4 Qd5 31. Qe3 Bf8 32. Bxe5 Nxd3 33. cxd3 Bxd3+ 34. Kb2 Rxg3 35. Rxg3 Bxc4 36. bxc4 Qxc4 37. Bc7 Qxh4 38. Rg1 Bh6 39. Qxc5 Bd2 40. Bd8 Bc3+ 41. Kb3 1-0


[Site "https://www.chess.com"]

[Event "Titled Tuesday Blitz October 31 Late 2023"]
[White "Matinian, Nikita"]
[Black "GAO"]
[WhiteFideId "24129100"]
[WhiteElo "2643"]
[BlackElo "2353"]
[Result "1-0"]
[Round "4"]
[TimeControl "180+1"]
[Date "2023.10.31"]
[WhiteClock "0:01:29"]
[BlackClock "0:01:07"]
[Board "72"]

1. e4 c5 2. Nf3 Nc6 3. Bb5 g6 4. O-O Bg7 5. d3 e5 6. a3 Nge7 7. b4 a6 8. Bxc6 Nxc6 9. bxc5 Qe7 10. Be3 Nd4 11. c3 Nxf3+ 12. Qxf3 O-O 13. Nd2 f5 14. exf5 gxf5 15. Qd5+ Kh8 16. Nc4 a5 17. Rfe1 Ra6 18. Bd4 Re6 19. Bxe5 b5 20. cxb6 Bb7 21. Qxb7 Bxe5 22. Rxe5 Rxe5 23. Nxe5 Qxe5 24. Qc7 Qd5 25. b7 Rg8 26. g3 f4 27. b8=Q fxg3 28. Qe5+ 1-0


[Site "https://www.chess.com"]

[Event "Titled Tuesday Blitz October 31 Late 2023"]
[White "Volkov, Maksim"]
[Black "PapaieDudu"]
[WhiteFideId "54123070"]
[WhiteElo "2643"]
[BlackElo "2316"]
[Result "1-0"]
[Round "4"]
[TimeControl "180+1"]
[Date "2023.10.31"]
[WhiteClock "0:00:03"]
[BlackClock "0:00:00"]
[Board "73"]

1. e4 c5 2. Nf3 d6 3. d4 cxd4 4. Nxd4 Nf6 5. Nc3 a6 6. Rg1 e6 7. g4 b5 8. g5 Nfd7 9. Be3 Bb7 10. a3 Nc5 11. Bg2 Nbd7 12. f4 Rc8 13. Qe2 h6 14. g6 fxg6 15. O-O-O Qe7 16. Bh3 Nxe4 17. Rxg6 Ndf6 18. Nxe6 Nxc3 19. bxc3 d5 20. Kb1 Rxc3 21. Bd4 Rxh3 22. Bc5 Ne4 23. Bxe7 Nc3+ 24. Kb2 Nxe2 25. Bxf8 Rxf8 26. Re1 Rxh2 27. Nxf8 Kxf8 28. Rb6 Nxf4 29. Rf1 g5 30. Rxb7 Kg8 31. Rb6 d4 32. Kb3 Rh3+ 33. Kb2 Rh2 34. Kb1 d3 35. cxd3 Nxd3 36. Rxa6 Nf4 37. Rb6 Rh3 38. Kb2 Rh2+ 39. Kb3 Rh3+ 40. Ka2 Rh2+ 41. Kb1 Rh3 42. Kb2 Rh2+ 43. Kc1 Rh3 44. Rxb5 Rxa3 45. Rb7 Ra1+ 46. Rb1 Ra3 47. Kd2 Rd3+ 48. Kc2 Rd6 49. Rb7 Rc6+ 50. Kd2 Rd6+ 51. Ke3 Re6+ 52. Kf3 Rd6 53. Kg4 Rf6 54. Re1 Rf7 55. Rb6 Kg7 56. Rh1 1-0


[Site "https://www.chess.com"]

[Event "Titled Tuesday Blitz October 31 Late 2023"]
[White "Schwabeneder, Florian"]
[Black "Kornyukov, Alexey"]
[WhiteFideId "1626191"]
[BlackFideId "4150457"]
[WhiteElo "2637"]
[BlackElo "2310"]
[Result "1-0"]
[Round "4"]
[TimeControl "180+1"]
[Date "2023.10.31"]
[WhiteClock "0:02:07"]
[BlackClock "0:00:00"]
[Board "74"]

1. e4 c5 2. Nc3 Nc6 3. g3 g6 4. Bg2 Bg7 5. Nge2 d6 6. d3 Rb8 7. a4 Nf6 8. O-O O-O 9. h3 a6 10. f4 Nd7 11. Nd5 e6 12. Ne3 Qc7 13. f5 Qd8 14. Nf4 Nde5 15. c3 b5 16. axb5 axb5 17. Kh1 Qb6 18. f6 Bxf6 19. Nfd5 exd5 20. Nxd5 Qd8 21. Nxf6+ Kg7 22. Qd2 1-0


[Site "https://www.chess.com"]

[Event "Titled Tuesday Blitz October 31 Late 2023"]
[White "Curtis, John"]
[Black "Seemann, Jakub"]
[WhiteFideId "3200256"]
[BlackFideId "21874697"]
[WhiteElo "2165"]
[BlackElo "2630"]
[Result "1-0"]
[Round "4"]
[TimeControl "180+1"]
[Date "2023.10.31"]
[WhiteClock "0:00:55"]
[BlackClock "0:00:55"]
[Board "75"]

1. d4 g6 2. c4 Bg7 3. Nc3 Nf6 4. e4 O-O 5. f3 c5 6. Nge2 cxd4 7. Nxd4 Nc6 8. Be3 d6 9. Qd2 Qa5 10. Rd1 Nxd4 11. Bxd4 Be6 12. b3 Nd7 13. Be2 a6 14. Bxg7 Kxg7 15. Nd5 Qxd2+ 16. Kxd2 Bxd5 17. cxd5 a5 18. Rc1 Nc5 19. Bb5 Rfc8 20. Rc3 Kf6 21. Rhc1 Ke5 22. a3 Rd8 23. b4 axb4 24. axb4 Na6 25. Bxa6 Rxa6 26. Rc7 Rb6 27. Rxe7+ Kd4 28. Rb1 Ra8 29. Rb2 Ra4 30. Rxf7 Raxb4 31. Rc2 Rb2 32. Rxh7 R6b3 33. Rxb2 Rxb2+ 34. Kc1 Rxg2 35. Rxb7 Rxh2 36. Rd7 Ke5 37. Re7+ Kf4 38. Rf7+ Ke3 39. Rf6 g5 40. Rf5 Rg2 41. e5 dxe5 42. d6 g4 43. d7 Rg1+ 44. Kc2 gxf3 45. d8=Q Rg2+ 46. Kc3 f2 47. Qd3# 1-0


[Site "https://www.chess.com"]

[Event "Titled Tuesday Blitz October 31 Late 2023"]
[White "Yelisieiev, Yevhenii"]
[Black "Michalski, Olaf"]
[WhiteFideId "14139642"]
[BlackFideId "1106740"]
[WhiteElo "2619"]
[BlackElo "2146"]
[Result "1-0"]
[Round "4"]
[TimeControl "180+1"]
[Date "2023.10.31"]
[WhiteClock "0:00:46"]
[BlackClock "0:00:12"]
[Board "76"]

1. d4 d6 2. e4 Nc6 3. d5 Nb8 4. Nf3 c6 5. c4 Nf6 6. Nc3 g6 7. Be2 Bg7 8. O-O O-O 9. h3 Nbd7 10. Bf4 Nc5 11. Qc2 a5 12. Rad1 a4 13. Bh2 Qa5 14. Rfe1 a3 15. b3 Ng4 16. Nb1 Nxh2 17. Kxh2 cxd5 18. cxd5 Bd7 19. Nbd2 b5 20. Bf1 Rfc8 21. Qb1 Bb2 22. g4 Na6 23. e5 dxe5 24. Nxe5 Be8 25. Bg2 Nb4 26. f4 Rc2 27. Nc6 Nxc6 28. Qxc2 Nb4 29. Qe4 Qc7 30. d6 Qxd6 31. Qxa8 Qxf4+ 32. Kh1 Nd3 33. Qxe8+ Kg7 34. Rf1 Nf2+ 35. Rxf2 Qxf2 36. Qxe7 1-0


[Site "https://www.chess.com"]

[Event "Titled Tuesday Blitz October 31 Late 2023"]
[White "Reprintsev, Alexander"]
[Black "Mekhitarian, Krikor Sevag"]
[WhiteFideId "14100541"]
[BlackFideId "2107660"]
[WhiteElo "2501"]
[BlackElo "2758"]
[Result "1-0"]
[Round "4"]
[TimeControl "180+1"]
[Date "2023.10.31"]
[WhiteClock "0:00:48"]
[BlackClock "0:00:00"]
[Board "77"]

1. e4 e6 2. d4 d5 3. Nc3 Nf6 4. Bg5 dxe4 5. Nxe4 Be7 6. Nxf6+ Bxf6 7. Bxf6 Qxf6 8. Nf3 O-O 9. Bd3 c5 10. Qe2 Nc6 11. dxc5 Qxb2 12. O-O Qf6 13. Qe4 g6 14. Rab1 Rb8 15. Rfe1 Rd8 16. h4 Bd7 17. h5 Be8 18. Qe3 Rd5 19. hxg6 hxg6 20. Be4 Rdd8 21. Rb3 Kg7 22. Reb1 Na5 23. Rd3 Bc6 24. Nd2 Rxd3 25. cxd3 Rh8 26. Bxc6 Nxc6 27. Rxb7 Qh4 28. Kf1 Qh1+ 29. Ke2 Qxg2 30. Nf3 Qg4 31. d4 Qf5 32. Ne5 Nxe5 33. Qxe5+ Qxe5+ 34. dxe5 Rc8 35. Rb5 a6 36. Ra5 Rc6 37. Kd3 g5 38. Kd4 Kg6 39. Ra3 Kf5 40. Rf3+ Kg6 41. Rf6+ Kg7 42. a4 Rc8 43. Rf3 Rc7 44. Rb3 Rd7+ 45. Kc4 Rd1 46. c6 Rc1+ 47. Rc3 1-0


[Site "https://www.chess.com"]

[Event "Titled Tuesday Blitz October 31 Late 2023"]
[White "Urbina Perez, Juan Antonio"]
[Black "BardArtem"]
[WhiteFideId "2217368"]
[WhiteElo "2494"]
[BlackElo "2701"]
[Result "0-1"]
[Round "4"]
[TimeControl "180+1"]
[Date "2023.10.31"]
[WhiteClock "0:00:00"]
[BlackClock "0:00:07"]
[Board "78"]

1. e4 e5 2. Nf3 Nc6 3. Bc4 Bc5 4. d3 Nf6 5. Bg5 h6 6. Bh4 d6 7. a4 Be6 8. Nbd2 O-O 9. O-O g5 10. Bg3 Kg7 11. c3 a5 12. Re1 Ba7 13. Qb3 Nd7 14. d4 exd4 15. cxd4 Nxd4 16. Nxd4 Bxd4 17. Bxe6 Nc5 18. Qc4 Nxe6 19. Nf3 Bb6 20. e5 d5 21. Qg4 Qe7 22. Nh4 Qb4 23. Nf5+ Kg6 24. Nh4+ Kg7 25. Nf5+ Kg6 26. Nh4+ Kh7 27. Qf5+ Kg8 28. Nf3 Ra6 29. h4 g4 30. Nh2 Ng7 31. Qd3 h5 32. Rac1 c6 33. Rc3 Qe7 34. Kh1 Bc5 35. f3 Bb4 36. fxg4 Bxc3 37. bxc3 Qe6 38. gxh5 Nxh5 39. Qf3 Qg6 40. Ng4 Kh8 41. Nf6 Nxg3+ 42. Kh2 Nf5 43. h5 Qg5 0-1


[Site "https://www.chess.com"]

[Event "Titled Tuesday Blitz October 31 Late 2023"]
[White "Pinheiro, Iung Alicio de O."]
[Black "Belenkaya, Dina"]
[WhiteFideId "2104350"]
[BlackFideId "24142654"]
[WhiteElo "2635"]
[BlackElo "2438"]
[Result "1-0"]
[Round "4"]
[TimeControl "180+1"]
[Date "2023.10.31"]
[WhiteClock "0:00:05"]
[BlackClock "0:00:00"]
[Board "79"]

1. d4 Nf6 2. Nf3 e6 3. Bg5 Be7 4. Nbd2 b6 5. e4 O-O 6. Bd3 h6 7. Bxf6 Bxf6 8. Qe2 Bb7 9. h4 c5 10. e5 Be7 11. dxc5 bxc5 12. Nc4 d5 13. exd6 Bxd6 14. O-O-O Bf4+ 15. Kb1 Qc7 16. g3 Nc6 17. gxf4 Qxf4 18. Rhg1 Nb4 19. Nfe5 Nxd3 20. Rxd3 Qxh4 21. Rdg3 g5 22. Nd6 Bd5 23. c4 Rad8 24. Nexf7 Be4+ 25. Nxe4 Rxf7 26. Nc3 Re8 27. a3 e5 28. Qe4 Qxe4+ 29. Nxe4 Rf4 30. f3 Rc8 31. Kc2 Kg7 32. Kd3 Kg6 33. Ke3 Rd8 34. b3 Rb8 35. Nd2 Rd4 36. Ke2 Rbd8 37. Ne4 Rd3 38. Rb1 Kf5 39. Rgg1 R3d4 40. Rh1 Rh8 41. Rhg1 Rb8 42. Nf2 Rbd8 43. Ne4 R8d7 44. Rh1 Rd8 45. Rxh6 Rf8 46. Rc6 Kf4 47. Rg1 Kf5 48. Rxg5+ Kf4 49. Rcg6 1-0


[Site "https://www.chess.com"]

[Event "Titled Tuesday Blitz October 31 Late 2023"]
[White "Ventura Bolet, Maxim"]
[Black "Pruijssers, Roeland"]
[WhiteFideId "22238824"]
[BlackFideId "1013068"]
[WhiteElo "2472"]
[BlackElo "2634"]
[Result "0-1"]
[Round "4"]
[TimeControl "180+1"]
[Date "2023.10.31"]
[WhiteClock "0:00:40"]
[BlackClock "0:00:10"]
[Board "80"]

1. e4 Nf6 2. e5 Nd5 3. d4 d6 4. Nf3 dxe5 5. Nxe5 g6 6. Bc4 c6 7. O-O Bg7 8. Re1 O-O 9. c3 Nd7 10. Nf3 b5 11. Bb3 a5 12. a4 Bb7 13. Nbd2 bxa4 14. Rxa4 c5 15. Ne4 cxd4 16. Nxd4 N7b6 17. Ra1 Qc7 18. Bg5 e5 19. Nf3 f5 20. Ng3 Kh8 21. Bd2 Qc6 22. Qe2 Rfe8 23. Rad1 a4 24. Ba2 Ba6 25. c4 Nxc4 26. Rc1 Rac8 27. Bc3 Nf4 28. Qc2 e4 29. Nd4 Qd5 30. Rcd1 Nd3 31. Nge2 Nxe1 32. Rxe1 e3 33. f3 a3 34. Nf4 Qd6 35. Bxc4 Rxc4 36. Nfe2 Bxd4 37. Nxd4 Rxd4 38. Bxd4+ Qxd4 39. Qc6 e2+ 40. Kh1 Rb8 41. Qxa6 axb2 42. Qxe2 b1=Q 0-1


[Site "https://www.chess.com"]

[Event "Titled Tuesday Blitz October 31 Late 2023"]
[White "Yeritsyan, Hayk"]
[Black "Zeynalli, Rashad"]
[WhiteFideId "13307320"]
[BlackFideId "13403320"]
[WhiteElo "2444"]
[BlackElo "2629"]
[Result "0-1"]
[Round "4"]
[TimeControl "180+1"]
[Date "2023.10.31"]
[WhiteClock "0:00:00"]
[BlackClock "0:00:56"]
[Board "81"]

1. d4 Nf6 2. Nf3 d5 3. e3 c5 4. Bd3 c4 5. Be2 Nc6 6. b3 cxb3 7. axb3 Bf5 8. c4 e6 9. O-O h6 10. Ba3 Bxa3 11. Nxa3 O-O 12. Bd3 Bxd3 13. Qxd3 Qe7 14. Rfb1 Nb4 15. Qd2 a6 16. c5 Nc6 17. b4 e5 18. b5 axb5 19. Nxb5 Ne4 20. Qb2 exd4 21. exd4 Rxa1 22. Rxa1 Re8 23. h3 Qf6 24. Rd1 Nxc5 25. Nc7 Rd8 26. Qb5 Ne4 27. Qxb7 Nc3 28. Re1 Nxd4 29. Nxd4 Qxd4 30. Qb2 Qc4 31. Na6 d4 32. Nb4 Rb8 33. Qc2 Qxb4 34. Qd3 Rd8 35. g3 Na4 36. Qf5 Qxe1+ 37. Kg2 d3 38. Qa5 Qe4+ 39. f3 Qe2+ 40. Kg1 Rc8 41. Qd2 Qxd2 0-1


[Site "https://www.chess.com"]

[Event "Titled Tuesday Blitz October 31 Late 2023"]
[White "Bjelobrk, Igor"]
[Black "Lebedev, Artem S."]
[WhiteFideId "4300726"]
[BlackFideId "34272747"]
[WhiteElo "2620"]
[BlackElo "2417"]
[Result "1-0"]
[Round "4"]
[TimeControl "180+1"]
[Date "2023.10.31"]
[WhiteClock "0:01:18"]
[BlackClock "0:00:00"]
[Board "82"]

1. d4 Nf6 2. c4 c5 3. d5 e6 4. Nc3 exd5 5. cxd5 d6 6. Nf3 g6 7. g3 Bg7 8. Bg2 O-O 9. O-O Re8 10. Re1 Nbd7 11. Bf4 Ng4 12. Bg5 Qb6 13. Qb3 Nde5 14. Qxb6 axb6 15. Nb5 f6 16. Bf4 Rd8 17. h3 Nxf3+ 18. exf3 Ne5 19. Bd2 Nc4 20. Bc3 Bd7 21. Nc7 Rac8 22. Ne6 Bxe6 23. Rxe6 Kf7 24. Bf1 Ne5 25. Kg2 g5 26. Bb5 Rc7 27. Re1 Kf8 28. f4 gxf4 29. gxf4 Ng6 30. Kg3 Re7 31. f5 Ne5 32. f4 Nf7 33. Rxe7 1-0


[Site "https://www.chess.com"]

[Event "Titled Tuesday Blitz October 31 Late 2023"]
[White "Kovalevsky, Stanislav"]
[Black "Souleidis, Georgios"]
[WhiteFideId "13508598"]
[BlackFideId "4206827"]
[WhiteElo "2412"]
[BlackElo "2611"]
[Result "1/2-1/2"]
[Round "4"]
[TimeControl "180+1"]
[Date "2023.10.31"]
[WhiteClock "0:00:24"]
[BlackClock "0:00:12"]
[Board "83"]

1. e4 c5 2. c3 d5 3. exd5 Qxd5 4. Nf3 Nf6 5. d4 e6 6. Be3 Nc6 7. c4 Qd8 8. dxc5 Qxd1+ 9. Kxd1 Ng4 10. Nc3 Nxe3+ 11. fxe3 Bxc5 12. Ke2 O-O 13. g3 Bd7 14. Rd1 Rfd8 15. Bg2 Be8 16. Rxd8 Rxd8 17. Rd1 Rxd1 18. Nxd1 Kf8 19. Nc3 f6 20. a3 Bh5 21. h3 a5 22. g4 Bg6 23. Nd2 Ke8 24. Nb3 Bb6 25. Na4 Bc2 26. Nbc5 Bxa4 27. Nxa4 Ba7 28. Bxc6+ bxc6 29. b3 Ke7 30. Kd3 e5 31. Ke4 Ke6 32. Nc3 g6 33. Kf3 f5 34. gxf5+ gxf5 35. e4 Bc5 36. exf5+ Kxf5 37. a4 Bb4 38. Ne4 Be1 39. Nd6+ Ke6 40. Ne4 Kf5 41. Nd6+ Ke6 42. Ne4 Kf5 1/2-1/2


[Site "https://www.chess.com"]

[Event "Titled Tuesday Blitz October 31 Late 2023"]
[White "Fiorito, Francisco"]
[Black "Ljukin, Sergei"]
[WhiteFideId "180165"]
[BlackFideId "14102200"]
[WhiteElo "2608"]
[BlackElo "2393"]
[Result "1-0"]
[Round "4"]
[TimeControl "180+1"]
[Date "2023.10.31"]
[WhiteClock "0:00:17"]
[BlackClock "0:00:00"]
[Board "84"]

1. d4 d5 2. Bf4 Nf6 3. e3 c5 4. Nf3 Nc6 5. Nbd2 e6 6. Be2 Bd6 7. dxc5 Bxf4 8. exf4 Qe7 9. Nb3 Nd7 10. O-O Nxc5 11. Nxc5 Qxc5 12. c3 O-O 13. Bd3 g6 14. h4 h5 15. Qe2 a6 16. a3 b5 17. Rad1 Bb7 18. Ng5 Qd6 19. Qf3 Rae8 20. Qg3 Ne7 21. Rfe1 Bc6 22. Re5 a5 23. Nxe6 fxe6 24. Bxg6 Rf7 25. Rg5 Nxg6 26. Rxg6+ Kf8 27. Qg5 Rf5 28. Rg8+ Kf7 29. Qg6+ Ke7 30. Rg7+ Kd8 31. g3 Ref8 32. Qh7 d4 33. Rxd4 Rd5 34. Ra7 Rxd4 35. cxd4 Re8 36. Qg7 b4 37. axb4 axb4 38. Qg5+ Kc8 39. Qa5 Rd8 40. Qa6+ Kb8 41. Qb6+ Kc8 42. Ra6 1-0


[Site "https://www.chess.com"]

[Event "Titled Tuesday Blitz October 31 Late 2023"]
[White "Ramadoss, Ashokkumar"]
[Black "Colas, Joshua"]
[WhiteFideId "5040990"]
[BlackFideId "2044447"]
[WhiteElo "2379"]
[BlackElo "2586"]
[Result "1/2-1/2"]
[Round "4"]
[TimeControl "180+1"]
[Date "2023.10.31"]
[WhiteClock "0:02:26"]
[BlackClock "0:02:41"]
[Board "85"]

1. Nf3 d5 2. c4 e6 3. Qc2 Nf6 4. d4 Be7 5. cxd5 exd5 6. Bg5 O-O 7. e3 c6 8. Bd3 h6 9. Bh4 Re8 10. O-O Ne4 11. Bxe7 Qxe7 12. Nc3 Nd7 13. Rab1 Ndf6 14. b4 Bf5 15. Na4 Rec8 16. Nc5 b6 17. Na4 c5 18. bxc5 b5 1/2-1/2


[Site "https://www.chess.com"]

[Event "Titled Tuesday Blitz October 31 Late 2023"]
[White "Muhammad Shahzeb"]
[Black "Chan, Luis"]
[WhiteFideId "7804806"]
[BlackFideId "3216357"]
[WhiteElo "2342"]
[BlackElo "2570"]
[Result "0-1"]
[Round "4"]
[TimeControl "180+1"]
[Date "2023.10.31"]
[WhiteClock "0:00:18"]
[BlackClock "0:00:05"]
[Board "86"]

1. e4 c5 2. Nc3 g6 3. f4 Bg7 4. Nf3 Nc6 5. Bb5 Nd4 6. Bc4 e6 7. d3 Ne7 8. Nxd4 Bxd4 9. Ne2 Bg7 10. O-O d5 11. Bb5+ Bd7 12. Bxd7+ Qxd7 13. Ng3 dxe4 14. dxe4 O-O-O 15. Qe2 h5 16. e5 Nf5 17. Ne4 Qd4+ 18. Kh1 h4 19. c3 Qd5 20. Kg1 Bf8 21. Nf6 Qc6 22. Be3 h3 23. Rf2 hxg2 24. Rxg2 Be7 25. Ng4 Rh3 26. Bf2 Rf3 27. Bg3 Rfd3 28. Be1 c4 29. Nf2 Bc5 30. Kf1 Ne3+ 31. Kg1 Qxg2# 0-1


[Site "https://www.chess.com"]